 Dungeon Crawl Stone Soup version 0.22-a0-142-g91cc6d7 (webtiles) character file.

640685 Azzok the Merry Minotaur (level 27, -5/253 HPs)
             Began as a Minotaur Fighter on Feb 2, 2018.
             Was an Elder of Zin.
             Killed from afar by a frost giant (8 damage)
             ... with a bolt of cold
             ... created by the fury of Okawaru
             ... on level 1 of the Realm of Zot on Feb 5, 2018.
             The game lasted 04:42:37 (81827 turns).

Azzok the Merry Minotaur (Minotaur Fighter)        Turns: 81827, Time: 04:42:38

Health: -5/253     AC: 42    Str: 28    XL:     27
Magic:  35/38      EV: 13    Int: 21    God:    Zin [****..]
Gold:   3038       SH:  0    Dex:  9    Spells: 34/51 levels left

rFire    + + .     SeeInvis +   a - +9 longbow (holy)
rCold    + + +     Gourm    .   (shield currently unavailable)
rNeg     + . .     Faith    .   e - +9 gold dragon scales
rPois    +         Spirit   .   h - +0 hat of Egeev {rC+}
rElec    .         Reflect  .   s - +2 cloak {MR+}
rCorr    .         Harm     .   C - +2 pair of gloves {archery}
MR       +++++                  m - +1 pair of boots {Fly}
Stlth    ..........             W - amulet "Nishro" {rF+ MR+ Regen+ Int+2}
HPRegen  0.92/turn              x - ring of Plog {rN+ SInv}
MPRegen  0.26/turn              o - ring of Rerughud {rPois rC+ MR+ Str-2 Int+8}

@: mighty, hasted, very quick
A: retaliatory headbutt, horns 2, clumsy 1, weak 1, no potion heal 1
}: 4/15 runes: decaying, serpentine, slimy, silver
a: Recite, Vitalisation, Imprison, Donate Gold, Renounce Religion, Evoke Flight


You were on level 1 of the Realm of Zot.
You worshipped Zin.
Zin was greatly pleased with you.
You were hungry.

You visited 12 branches of the dungeon, and saw 53 of its levels.
You visited the Abyss 1 time.
You visited 1 bazaar.
You also visited: Ice Cave and Desolation.

You collected 9467 gold pieces.
You spent 6359 gold pieces at shops.
You donated 70 gold pieces to Zin.

Inventory:

Hand Weapons
 a - a +9 longbow of holy wrath (weapon)
 b - a +7 longbow of velocity
 c - the +9 heavy crossbow "Sniper" {velocity, Acc+∞ SInv}
   (You found it on level 3 of the Vaults)

   Any bolt fired from it inflicts extra damage.
   It lets you see invisible.
Missiles
 r - 1686 arrows (quivered)
 V - 1918 bolts
Armour
 e - +9 gold dragon scales (worn)
 g - the +2 pair of gloves "Cokeukk" {Regen+ SInv}
   (You found it on level 3 of the Elven Halls)

   It lets you see invisible.
   It increases your rate of regeneration.
 h - the +0 hat of Egeev (worn) {rC+}
   (Okawaru gifted it to you on level 2 of the Lair of Beasts)

   It protects you from cold.
 m - a +1 pair of boots of flying (worn)
 s - a +2 cloak of magic resistance (worn)
 C - a +2 pair of gloves of archery (worn)
Jewellery
 o - the ring of Rerughud (right hand) {rPois rC+ MR+ Str-2 Int+8}
   (You found it in the Desolation of Salt)

   [ring of protection from magic]

   It affects your strength (-2).
   It affects your intelligence (+8).
   It protects you from cold.
   It protects you from poison.
   It affects your resistance to hostile enchantments.
 p - the ring of Doreb {+Blink rElec rN+}
   (You took it off an ancient champion on level 3 of the Crypt)

   [ring of positive energy]

   It insulates you from electricity.
   It protects you from negative energy.
   It lets you blink.
 u - an uncursed ring of resist corrosion
 x - the ring of Plog (left hand) {rN+ SInv}
   (You took it off a deep elf sorcerer on level 5 of the Depths)

   [ring of see invisible]

   It protects you from negative energy.
   It lets you see invisible.
 E - the ring of Deshoeh {+Blink MR+ Dex+3 Stlth+}
   (You acquired it on level 3 of the Depths)

   [ring of protection from magic]

   It affects your dexterity (+3).
   It affects your resistance to hostile enchantments.
   It lets you blink.
   It makes you more stealthy.
 F - the ring of Moodiness {rPois rF+ rN+ Str+4 Int+4}
   (You found it on level 5 of the Depths)

   [ring of poison resistance]

   It affects your strength (+4).
   It affects your intelligence (+4).
   It protects you from fire.
   It protects you from poison.
   It protects you from negative energy.
 W - the amulet "Nishro" (around neck) {rF+ MR+ Regen+ Int+2}
   (You took it off a deep elf high priest on level 3 of the Elven Halls)

   [amulet of regeneration]

   It affects your intelligence (+2).
   It protects you from fire.
   It affects your resistance to hostile enchantments.
   It increases your rate of regeneration.
Wands
 L - a wand of digging (51)
Scrolls
 d - 5 scrolls of identify
 k - 10 scrolls of teleportation
 l - 12 scrolls of magic mapping
 n - 32 scrolls of remove curse
 y - 6 scrolls of fog
 B - 9 scrolls of fear
 D - a scroll of acquirement
 O - 6 scrolls of blinking
Potions
 q - a potion of cancellation
 t - 16 potions of curing
 v - 3 potions of mutation {!q}
 w - 4 potions of magic
 z - 5 potions of haste
 A - 5 potions of invisibility
 I - 6 potions of flight
 K - 6 potions of resistance
 Q - 9 potions of heal wounds
 S - 6 potions of might
 X - 5 potions of agility
Miscellaneous
 H - 5 phantom mirrors
 Y - a fan of gales
Comestibles
 f - 63 rations


   Skills:
 + Level 21.6 Fighting
   Level 2.4 Long Blades
 O Level 27 Bows
 + Level 19.9 Armour
 + Level 18.3 Dodging
   Level 4.2 Shields
 + Level 12.6 Spellcasting
 + Level 14.0 Translocations
 - Level 12.0 Invocations


You had 34 spell levels left.
You knew the following spells:

 Your Spells              Type           Power        Failure   Level  Hunger
a - Portal Projectile     Hex/Tloc       #####.       10%         3    None
b - Passwall              Tmut/Erth      ##........   65%         2    None
c - Apportation           Tloc           ######       1%          1    None
d - Silence               Hex/Air        ##........   100%        5    ####...
e - Passage of Golubria   Tloc           N/A          1%          4    None
f - Swiftness             Chrm/Air       ##......     65%         2    None


Dungeon Overview and Level Annotations

Branches:
Dungeon (15/15)            Temple (1/1) D:6            Lair (5/6) D:11
  Swamp (4/4) Lair:3        Snake (4/4) Lair:2        Slime (5/5) Lair:5
    Orc (2/2) D:12            Elf (3/3) Orc:2        Vaults (5/5) D:13
  Crypt (3/3) Vaults:2       Tomb (0/3) Crypt:3      Depths (5/5) D:15
    Zot (1/5) Depths:5

Altars:
Ashenzari
Cheibriados
Dithmenos
Elyvilon
Fedhas
Gozag
Hepliaklqana
Makhleb
Okawaru
Qazlal
Ru
Sif Muna
Trog
Uskayaw
Vehumet
Wu Jian
Xom
Yredelemnul
Zin
The Shining One
Jiyva

Shops:
D:6 [:?   D:10 =   Orc:2 :%:}   Elf:1 [([   Elf:2 !(*   Vaults:5 !!?=[!(=
Depths:2 }=

Portals:
Hell: Depths:1 Depths:2 Depths:3 Depths:4 Depths:5
Abyss: Depths:4
Pandemonium: Depths:3 Depths:5
Ziggurat: Depths:3

Annotations:
Lair:1 exclusion: oklob plant
Elf:2 3 runed doors
Depths:3 26 runed doors


Innate Abilities, Weirdness & Mutations

You reflexively headbutt those who attack you in melee.
You have a pair of horns on your head.
You are clumsy. (Dex -2)
You are weak. (Str -2)
Potions are less effective at restoring your health.


Message History

Things that are here:
a broad axe; a short sword of venom; a red draconian skeleton You see here a trident.
Okay, then.
Firing (i - inventory)
r - 1686 arrows (quivered)
Press: ? - help, Shift-Dir - straight line, f - stone giant
Aim: a stone giant (durably summoned) Really fire at the stone giant, despite your sanctuary?
Okay, then.
Okay, then.
You feel yourself speed up.
A storm dragon comes into view.
You feel very mighty all of a sudden.
The sanctuary disappears.
The storm dragon roars deafeningly!
The storm dragon breathes lightning at you.
The bolt of lightning hits you!
* * * LOW HITPOINT WARNING * * *
The frost giant points at you and mumbles some strange words.
The bolt of cold hits you! You resist.
You die...

▒···▒ ▒▒········▒ ·· ▒(··
▒·········▒▒ ((·· ▒▒··▒
▒······)···▒ ··(·?▒···▒▒
▒··········▒ ··(((·····▒▒
▒▒··········▒▒
▒▒▒········▒▒▒··········)·▒▒
▒···(▒▒▒··C▒▒···········)▒▒
▒···(▒ ▒▒(·(▒)∩·········)··
····· ▒▒@·CC)▒▒▒▒▒▒▒·····
···· ▒▒(C·▒▒ ▒▒···· ···
▒···▒▒ ▒▒···▒ ··· ▒····▒
▒····▒ ▒▒·[··▒▒ ▒····▒
▒······▒▒▒▒▒▒·····
▒··▒····▒▒········
▒··▒D·············
▒··▒··············


You could see a titan, a storm dragon, 2 frost giants and a stone giant.

Vanquished Creatures
  the Royal Jelly (Slime:5)
  Mara (Vaults:2)
  Mennas (Vaults:5)
  An ancient lich (Crypt:3)
  A juggernaut (Depths:5)
  Sojobo (Crypt:3)
  the Lernaean hydra (Swamp:4)
  Bai Suzhen (Elf:3)
  Margery (Crypt:2)
  Frederick (Vaults:2)
  Vashnia (Snake:4)
  4 golden dragons
  2 bone dragons
  Nikola (Swamp:1)
  Jory (Depths:4)
  Jorgrun (Depths:4)
  6 tentacled monstrosities
  8 liches
  7 titans
  5 deep elf master archers
  27 acid blobs
  2 deep elf blademasters (Elf:3)
  Asterion (Depths:1)
  8 ancient champions
  5 sphinxes
  6 tengu reavers
  6 shadow dragons
  3 tentacled starspawn (Abyss:2)
  Donald (Crypt:1)
  8 nagarajas
  2 thorn hunters
  5 storm dragons
  3 revenants
  Aizul (Snake:4)
  18 azure jellies
  An imperial myrmidon (Desolation)
  16 vault wardens
  14 fire giants
  12 deep elf sorcerers
  2 draconian scorchers
  A balrug (Depths:3)
  9 frost giants
  A draconian shifter (Zot:1)
  4 draconian knights
  A curse skull (Crypt:2)
  4 deep elf elementalists (Elf:3)
  3 iron dragons
  The ghost of DEFE the Stickfighter, an adept DEAM of Okawaru (Swamp:3)
  2 draconian annihilators (Depths:5)
  A draconian stormcaller (Zot:1)
  2 reapers
  2 spriggan defenders
  11 ironheart preservers
  9 ghouls
  14 very ugly things
  An entropy weaver (Vaults:3)
  20 stone giants
  4 caustic shrike skeletons (Crypt:3)
  7 vampire knights
  A war gargoyle (Vaults:3)
  2 black draconians
  2 green draconians (Crypt:3)
  11 deep elf demonologists
  6 large abominations
  The ghost of Zorot the Grappler, a journeyman VSMo of Makhleb (Snake:1)
  7 deep elf annihilators
  3 halazid warlocks (Desolation)
  11 ettins
  3 red draconians
  4 white draconians
  3 yellow draconians
  4 spark wasps
  3 death oozes (Slime:5)
  7 deep elf death magi
  5 eidola
  13 fire dragons
  A crystal guardian (Desolation)
  A fire dragon (shapeshifter) (Vaults:5)
  9 deep elf high priests
  Josephine (Swamp:1)
  22 yaktaur captains
  12 jiangshi
  8 ragged hierophants (Desolation)
  8 great orbs of eyes
  5 rakshasas
  5 ice dragons
  6 ogre magi
  3 quicksilver dragon skeletons
  6 servants of whispers (Desolation)
  A quicksilver dragon zombie (Crypt:3)
  19 hydras
  52 vault guards
  A catoblepas (D:13)
  12 naga warriors
  2 peacekeepers (Desolation)
  14 centaur warriors
  2 ghost crabs
  22 two-headed ogres
  A merfolk aquamancer (Depths:5)
  2 spriggan air magi (Depths:4)
  13 alligators
  6 death knights
  6 anacondas
  8 death yaks
  12 dancing weapons
  6 deep troll shamans
  4 tengu warriors
  5 deep troll earth magi
  20 naga sharpshooters
  7 vampire magi
  3 thrashing horrors (Abyss:2)
  A titan zombie (Vaults:4)
  A storm dragon zombie (Vaults:3)
  A spriggan berserker (Depths:5)
  23 deep elf knights
  5 shock serpents
  7 small abominations
  15 hell knights
  2 orc high priests
  2 sun demons (Depths:3)
  4 titan skeletons (Crypt:3)
  28 skeletal warriors
  6 soul eaters
  2 iron trolls
  2 salamander mystics
  An unseen horror (shapeshifter) (Vaults:1)
  2 shadow wraiths
  A shambling mangrove (Swamp:2)
  A spatial maelstrom (Abyss:2)
  A sphinx zombie (Vaults:3)
  3 glowing orange brains
  11 swamp dragons
  2 unseen horrors
  An iron giant skeleton (Crypt:1)
  A lindwurm (Lair:5)
  10 naga ritualists
  13 phantasmal warriors
  22 deep elf archers
  6 flayed ghosts
  A lindwurm (shapeshifter) (Vaults:5)
  17 deep trolls
  2 starcursed masses (Abyss:2)
  5 spriggan druids
  9 wizards
  19 ironbrand convokers
  9 harpies
  An anaconda skeleton (Crypt:3)
  13 necromancers
  2 golden dragon skeletons
  10 wolf spiders
  A harpy (shapeshifter) (Depths:5)
  11 orc knights
  2 orb spiders (shapeshifter)
  A frost giant zombie (Depths:3)
  5 mana vipers
  4 orc sorcerers
  8 cyclopes
  A shadow dragon skeleton (Crypt:3)
  8 salamanders
  A cyclops (shapeshifter) (Vaults:5)
  5 shining eyes
  4 manticores
  67 deep elf magi
  A sphinx skeleton (Depths:3)
  4 elephants (Lair:2)
  22 ugly things
  2 fire giant skeletons
  A salamander (shapeshifter) (Vaults:2)
  2 frost giant skeletons (Crypt:3)
  7 guardian serpents
  4 elf zombies
  An iron dragon skeleton (Crypt:1)
  3 moths of wrath (Zot:1)
  A centaur zombie (D:11)
  2 stone giant skeletons
  A guardian serpent (shapeshifter) (Depths:4)
  15 naga magi
  16 vault sentinels
  A titan simulacrum (Vaults:3)
  A molten gargoyle (Desolation)
  An eye of devastation (Slime:3)
  10 spiny frogs
  18 black mambas
  2 dire elephant skeletons
  A yaktaur zombie (Vaults:4)
  A gargoyle (D:12)
  A smoke demon (Abyss:2)
  2 torpor snails (Lair:2)
  A black draconian zombie (Crypt:2)
  3 efreet
  A spark wasp simulacrum (Depths:3)
  59 yaktaurs
  3 human zombies
  14 rime drakes
  8 komodo dragons
  5 freezing wraiths
  An ancient zyme (Abyss:2)
  A demonic crawler (Abyss:2)
  8 guardian mummies
  A green draconian skeleton (Crypt:3)
  A wind drake (shapeshifter) (Depths:1)
  A merfolk (Depths:5)
  3 meliai (Lair:5)
  2 jumping spiders (shapeshifter)
  A grey draconian skeleton (Crypt:2)
  A queen bee (Lair:5)
  13 trolls
  A guardian serpent zombie (Crypt:1)
  A harpy skeleton (Crypt:3)
  A tengu simulacrum (Vaults:4)
  3 hydra skeletons (Crypt:3)
  4 polar bears
  16 hornets
  144 slime creatures
  6 tyrant leeches
  52 saltlings
  6 hippogriffs
  An alligator zombie (Crypt:3)
  10 blink frogs
  4 bog bodies
  A guardian serpent skeleton (Crypt:1)
  A stone giant simulacrum (Vaults:1)
  9 flying skulls (Crypt:1)
  A fire dragon skeleton (Crypt:2)
  A redback (Vaults:3)
  2 vampires
  3 air elementals
  2 elf skeletons
  An ettin skeleton (Vaults:4)
  A black mamba zombie (Crypt:3)
  A spriggan (shapeshifter) (Vaults:4)
  3 shadows
  25 water elementals
  16 spriggans
  6 fire elementals
  19 yaks
  Eustachio (D:4)
  15 wraiths
  2 ynoxinuls (Abyss:2)
  2 basilisks (Lair:3)
  3 wyverns
  4 hungry ghosts
  4 hogs (shapeshifter)
  5 golden eyes
  A neqoxec (Abyss:2)
  13 steam dragons (Lair:5)
  A spatial vortex (Abyss:2)
  21 vampire mosquitoes
  27 swamp worms
  17 insubstantial wisps
  37 nagas
  A water nymph zombie (Crypt:1)
  4 wargs
  An acid dragon (Vaults:2)
  A soldier ant (D:13)
  9 water moccasins
  A deep troll skeleton (Vaults:4)
  11 porcupines
  4 floating eyes
  12 swamp drakes
  2 black bears
  42 orc warriors
  2 ice beasts
  A dream sheep zombie (Crypt:2)
  5 necrophages
  4 sky beasts
  34 ogres
  3 phantoms
  A lindwurm zombie (Crypt:1)
  15 wolves
  4 eyes of draining
  5 boggarts (Vaults:3)
  24 centaurs
  8 crocodiles
  A blink frog skeleton (Crypt:2)
  A swamp dragon skeleton (Crypt:3)
  4 big kobolds
  3 gnoll sergeants
  2 human skeletons
  15 bullfrogs
  3 earth elementals
  A glowing shapeshifter simulacrum (Vaults:4)
  3 scorpions
  43 wights
  2 elf simulacra
  25 killer bees
  A water moccasin skeleton (D:9)
  A polar bear zombie (Crypt:2)
  2 electric eels
  4 howler monkeys
  6 crimson imps
  A human simulacrum (Vaults:4)
  6 hounds
  A quasit (D:9)
  27 orc priests
  34 orc wizards
  12 jellies
  3 bullfrog skeletons
  3 gnoll shamans (D:7)
  Jessica (D:2)
  5 centaur skeletons
  Terence (D:2)
  4 iguanas
  A porcupine skeleton (Crypt:2)
  10 worker ants
  A killer bee zombie (D:9)
  A demigod zombie (Crypt:1)
  An ogre zombie (Crypt:1)
  A demigod skeleton (Crypt:3)
  A hound skeleton (D:11)
  4 mummies (Crypt:1)
  15 gnolls
  10 adders
  5 shadow imps
  A white imp (D:6)
  An ufetubus (Abyss:2)
  An ooze (D:4)
  3 adder skeletons
  An adder zombie (D:8)
  A halfling skeleton (Crypt:3)
  A worm (D:4)
  11 dart slugs
  6 leopard geckos
  127 orcs
  A ball python (D:4)
  4 bats
  9 goblins
  12 hobgoblins
  13 jackals
  32 kobolds
  3 quokkas
  A ball python zombie (Crypt:3)
  2 frilled lizards
  A goblin skeleton (D:6)
  3 hobgoblin zombies (D:6)
  A kobold skeleton (Crypt:2)
  2 kobold zombies (D:6)
  A leopard gecko skeleton (Crypt:2)
  A leopard gecko zombie (D:7)
  An orc skeleton (D:6)
  An orc zombie (D:6)
  5 rats
  A river rat skeleton (Crypt:2)
  2 crawling corpses
  5 fungi
  4 plants
  2 starspawn tentacles (Abyss:2)
2515 creatures vanquished.

Vanquished Creatures (collateral kills)
  2 deep elf knights (Crypt:3)
  A deep elf archer (Crypt:3)
  2 deep elf magi (Crypt:3)
5 creatures vanquished.

Vanquished Creatures (others)
  A tengu reaver (Crypt:3)
  A fire giant (Crypt:3)
  A swamp dragon (Swamp:1)
  A cyclops (Vaults:1)
  2 rime drakes (Lair:5)
  2 yaktaurs
  A slime creature (Depths:4)
  An orc (D:12)
  2 briar patches (Swamp:3)
  19 fungi
  12 plants
  7 starspawn tentacles (Abyss:2)
50 creatures vanquished.

Grand Total: 2570 creatures vanquished

Notes
Turn   | Place    | Note
-------+----------+-------------------------------------------
     0 | D:1      | Azzok the Minotaur Fighter began the quest for the Orb.
     0 | D:1      | Reached XP level 1. HP: 19/19 MP: 0/0
   126 | D:1      | Reached XP level 2. HP: 27/28 MP: 1/1
   640 | D:2      | Found a shimmering altar of Xom.
   644 | D:2      | Noticed Terence
   652 | D:2      | Reached skill level 5 in Fighting
   652 | D:2      | Reached XP level 3. HP: 36/36 MP: 2/2
   656 | D:2      | Killed Terence
   786 | D:2      | Noticed Jessica
   789 | D:2      | Killed Jessica
   789 | D:2      | Reached XP level 4. HP: 41/44 MP: 3/3
  1319 | D:2      | Reached XP level 5. HP: 48/52 MP: 4/4
  2215 | D:3      | Found a radiant altar of Vehumet.
  2311 | D:3      | Reached XP level 6. HP: 61/61 MP: 5/5
  2386 | D:3      | Found a shadowy altar of Dithmenos.
  2820 | D:4      | Noticed Eustachio
  2951 | D:4      | Killed Eustachio
  2951 | D:4      | Reached XP level 7. HP: 66/71 MP: 6/6
  3021 | D:4      | Found a deep blue altar of Sif Muna.
  3077 | D:4      | Reached skill level 10 in Fighting
  3145 | D:4      | Found a snail-covered altar of Cheibriados.
  3423 | D:3      | Found a stormy altar of Qazlal.
  3423 | D:3      | Found an iron altar of Okawaru.
  3426 | D:3      | Found a shattered altar of Ashenzari.
  3436 | D:3      | Became a worshipper of Warmaster Okawaru
  3722 | D:5      | Entered Level 5 of the Dungeon
  3883 | D:5      | Found a hazy altar of Hepliaklqana.
  3961 | D:5      | Reached skill level 1 in Bows
  3961 | D:5      | Reached skill level 1 in Invocations
  4024 | D:5      | Reached * piety under Okawaru
  4024 | D:5      | Reached skill level 2 in Bows
  4024 | D:5      | Reached XP level 8. HP: 73/82 MP: 8/8
  4197 | D:5      | Reached skill level 3 in Bows
  5159 | D:6      | Reached skill level 4 in Bows
  5366 | D:6      | Reached skill level 5 in Bows
  5461 | D:6      | Reached ** piety under Okawaru
  5599 | D:6      | Reached skill level 5 in Invocations
  5611 | D:6      | Reached XP level 9. HP: 89/89 MP: 11/11
  5732 | D:6      | Found Pufilul's Magic Scroll Boutique.
  5741 | D:6      | Bought a scroll of identify for 24 gold pieces
  5741 | D:6      | Bought a scroll of identify for 24 gold pieces
  5741 | D:6      | Bought a scroll of identify for 24 gold pieces
  5741 | D:6      | Bought a scroll of identify for 24 gold pieces
  5769 | D:6      | Found a glowing golden altar of the Shining One.
  5811 | D:6      | Found Ifatudik's Book Emporium.
  5880 | D:6      | Found a burning altar of Makhleb.
  5892 | D:6      | Found Norghata's Antique Armour Boutique.
  5938 | D:6      | Found a staircase to the Ecumenical Temple.
  5951 | D:6      | Reached skill level 6 in Bows
  6048 | Temple   | Entered the Ecumenical Temple
  6218 | D:6      | Found Zioss's Magic Scroll Boutique.
  6635 | D:7      | Noticed a hand axe
  6636 | D:7      | Found a hide-covered altar of Uskayaw.
  6636 | D:7      | Noticed a dagger
  6852 | D:7      | Reached *** piety under Okawaru
  6852 | D:7      | Reached skill level 7 in Bows
  7546 | D:7      | Reached skill level 8 in Bows
  7943 | D:7      | Reached **** piety under Okawaru
  8039 | D:7      | Reached XP level 10. HP: 74/95 MP: 14/14
  8491 | D:8      | Noticed a two-headed ogre
  8502 | D:8      | Killed a two-headed ogre
  8502 | D:8      | Received a gift from Okawaru
  8502 | D:8      | Reached skill level 9 in Bows
  8851 | D:8      | Found a blossoming altar of Fedhas.
  9210 | D:9      | Noticed a two-headed ogre
  9252 | D:9      | Killed a two-headed ogre
  9252 | D:9      | Reached skill level 10 in Bows
  9582 | D:9      | Noticed a two-headed ogre
  9602 | D:9      | Killed a two-headed ogre
  9948 | D:9      | Reached ***** piety under Okawaru
  9948 | D:9      | Received a gift from Okawaru
 10425 | D:9      | Identified a scroll of acquirement
 10548 | D:10     | Entered Level 10 of the Dungeon
 10609 | D:10     | Reached skill level 10 in Invocations
 10697 | D:10     | Noticed a two-headed ogre
 10742 | D:10     | Killed a two-headed ogre
 10742 | D:10     | Received a gift from Okawaru
 10742 | D:10     | Reached skill level 11 in Bows
 10742 | D:10     | Reached XP level 11. HP: 30/102 MP: 15/17
 11228 | D:10     | Found Husiss's Jewellery Boutique.
 11236 | D:10     | Bought an uncursed ring of protection from fire for 325 gold pieces
 11334 | D:10     | Received a gift from Okawaru
 11353 | D:10     | Noticed a two-headed ogre
 11363 | D:10     | Killed a two-headed ogre
 12128 | D:10     | Received a gift from Okawaru
 12131 | D:10     | Got a polished triple sword {god gift}
 12145 | D:10     | Identified the +1 triple sword "Wammytei" {antimagic, *Drain MR+ Str+4} (Okawaru gifted it to you on level 10 of the Dungeon)
 12227 | D:11     | Noticed a two-headed ogre
 12248 | D:11     | Killed a two-headed ogre
 12643 | D:11     | Noticed a green ugly thing
 12649 | D:11     | Reached skill level 12 in Bows
 12663 | D:11     | Killed a green ugly thing
 12958 | D:11     | Noticed a centaur warrior
 12981 | D:11     | Killed a centaur warrior
 13318 | D:11     | Received a gift from Okawaru
 13399 | D:11     | Noticed a cyan ugly thing
 13415 | D:11     | Killed a cyan ugly thing
 13636 | D:11     | Found a staircase to the Lair.
 13662 | D:11     | Received a gift from Okawaru
 14181 | D:12     | Noticed a two-headed ogre
 14204 | D:12     | Killed a two-headed ogre
 14204 | D:12     | Reached skill level 13 in Bows
 14205 | D:12     | Noticed a purple ugly thing
 14226 | D:12     | Killed a purple ugly thing
 14226 | D:12     | Reached XP level 12. HP: 22/109 MP: 20/20
 14497 | D:12     | Found a frozen archway.
 14513 | IceCv    | Entered an ice cave
 14841 | D:12     | Found a staircase to the Orcish Mines.
 14858 | D:12     | Reached skill level 14 in Bows
 15610 | D:12     | Received a gift from Okawaru
 15964 | Lair:1   | Entered Level 1 of the Lair of Beasts
 16595 | Lair:1   | Reached skill level 15 in Bows
 17256 | Lair:2   | Noticed a death yak
 17258 | Lair:2   | Noticed a death yak
 17303 | Lair:2   | Noticed a death yak
 17303 | Lair:2   | Noticed a death yak
 17305 | Lair:2   | Noticed a death yak
 17362 | Lair:2   | Found a snail-covered altar of Cheibriados.
 17409 | Lair:2   | Reached ****** piety under Okawaru
 17692 | Lair:2   | Killed a death yak
 17692 | Lair:2   | Received a gift from Okawaru
 17707 | Lair:2   | Killed a death yak
 17707 | Lair:2   | Reached skill level 16 in Bows
 17708 | Lair:2   | Killed a death yak
 17708 | Lair:2   | Received a gift from Okawaru
 17709 | Lair:2   | Killed a death yak
 17714 | Lair:2   | Got a faintly glowing hat {god gift}
 17826 | Lair:2   | Killed a death yak
 18023 | Lair:2   | Identified the +0 hat of Egeev {rC+} (Okawaru gifted it to you on level 2 of the Lair of Beasts)
 18091 | Lair:2   | Got a brightly glowing lajatang
 18098 | Lair:2   | Identified the +7 lajatang of Eternal Vigilance {venom, +Fly SInv} (You found it on level 2 of the Lair of Beasts)
 18158 | Lair:2   | Reached XP level 13. HP: 112/116 MP: 21/21
 18686 | Lair:2   | Found a staircase to the Snake Pit.
 18739 | Lair:2   | Reached skill level 17 in Bows
 19734 | Lair:3   | Found a staircase to the Swamp.
 20962 | Lair:4   | Reached skill level 18 in Bows
 21641 | Lair:5   | Found a runed door.
 21642 | Lair:5   | Found a viscous altar of Jiyva.
 21643 | Lair:5   | Noticed an acid blob
 21647 | Lair:5   | Found a staircase to the Slime Pits.
 22626 | Lair:5   | Received a gift from Okawaru
 22721 | Lair:5   | Received a gift from Okawaru
 22721 | Lair:5   | Reached skill level 19 in Bows
 23716 | D:13     | Reached XP level 14. HP: 96/124 MP: 22/22
 23860 | D:13     | Paralysed by an ogre mage for 5 turns
 24280 | D:13     | Found a gate to the Vaults.
 24666 | D:13     | Reached skill level 20 in Bows
 25374 | D:13     | Received a gift from Okawaru
 25378 | D:13     | Got a jewelled shortbow {god gift}
 25559 | D:13     | Identified the +8 shortbow of Doom {freeze, +Fly rElec Str+8 Int-2} (Okawaru gifted it to you on level 13 of the Dungeon)
 26988 | D:14     | Reached skill level 21 in Bows
 27041 | D:14     | You fall through a shaft!
 27041 | D:15     | Entered Level 15 of the Dungeon
 27525 | Orc:1    | Entered Level 1 of the Orcish Mines
 28181 | Orc:1    | Found a bloodstained altar of Trog.
 28626 | Orc:2    | Entered Level 2 of the Orcish Mines
 28640 | Orc:1    | Received a gift from Okawaru
 29111 | Orc:2    | Found a staircase to the Elven Halls.
 29848 | Orc:2    | Reached XP level 15. HP: 69/129 MP: 15/23
 29863 | Orc:2    | Reached skill level 22 in Bows
 30135 | Orc:2    | Found Hugoev's Book Boutique.
 30135 | Orc:2    | Found Jirph's Book Shop.
 30142 | Orc:2    | Found Dimnifeeny's Gadget Shoppe.
 30147 | Orc:2    | Found Gaiphar's Food Boutique.
 30452 | Orc:2    | Bought a book of Debilitation for 520 gold pieces
 30457 | Orc:2    | Learned a level 3 spell: Portal Projectile
 30719 | D:15     | Found a white marble altar of Elyvilon.
 31205 | D:15     | Received a gift from Okawaru
 31209 | D:15     | Got a brightly glowing double sword {god gift}
 31432 | D:15     | Found a staircase to the Depths.
 32239 | Lair:1   | Identified the +1 double sword of Descent {vamp, Int+3 Dex+2} (Okawaru gifted it to you on level 15 of the Dungeon)
 32425 | Depths:1 | Entered Level 1 of the Depths
 32638 | Snake:1  | Entered Level 1 of the Snake Pit
 32664 | Snake:1  | Reached skill level 23 in Bows
 32841 | Snake:1  | Noticed Zorot's ghost (journeyman VSMo)
 32856 | Snake:1  | Killed Zorot's ghost
 33234 | Snake:1  | Received a gift from Okawaru
 33491 | Snake:1  | Got a distressingly furry scale mail
 34250 | Snake:2  | Received a gift from Okawaru
 34254 | Snake:2  | Got a warped shortbow {god gift}
 34371 | Snake:2  | Noticed a nagaraja
 34373 | Snake:2  | Killed a nagaraja
 34373 | Snake:2  | Reached skill level 24 in Bows
 34467 | Snake:2  | Reached XP level 16. HP: 137/137 MP: 24/24
 35483 | Snake:4  | Entered Level 4 of the Snake Pit
 35517 | Snake:4  | Received a gift from Okawaru
 35710 | Snake:4  | Noticed Aizul
 35726 | Snake:4  | Killed Aizul
 35726 | Snake:4  | Received a gift from Okawaru
 35735 | Snake:4  | Noticed Vashnia
 36263 | Snake:4  | Killed Vashnia
 36263 | Snake:4  | Reached skill level 25 in Bows
 37378 | Snake:4  | Received a gift from Okawaru
 37651 | Snake:4  | Received a gift from Okawaru
 37910 | Snake:4  | Reached skill level 26 in Bows
 37975 | Snake:4  | Reached XP level 17. HP: 120/144 MP: 20/25
 37978 | Snake:4  | Got a serpentine rune of Zot
 38650 | D:6      | Bought a scroll of identify for 28 gold pieces
 38650 | D:6      | Bought a scroll of identify for 28 gold pieces
 38650 | D:6      | Bought a scroll of magic mapping for 49 gold pieces
 38650 | D:6      | Bought a scroll of fear for 49 gold pieces
 38650 | D:6      | Bought a scroll of teleportation for 42 gold pieces
 38650 | D:6      | Bought a scroll of fear for 49 gold pieces
 38684 | D:6      | Bought a scroll of fog for 24 gold pieces
 38684 | D:6      | Bought a scroll of enchant armour for 90 gold pieces
 38684 | D:6      | Bought a scroll of holy word for 90 gold pieces
 38684 | D:6      | Bought a scroll of magic mapping for 42 gold pieces
 38817 | D:10     | Bought an uncursed ring of protection from cold for 325 gold pieces
 38817 | D:10     | Bought an uncursed ring of see invisible for 195 gold pieces
 38817 | D:10     | Bought a cursed ring of teleportation for 58 gold pieces
 38817 | D:10     | Bought a +5 amulet of reflection for 535 gold pieces
 38928 | Lair:1   | Identified the +9 shortbow of the Penguin {flame, rElec rN+++ Str-2 Dex+2} (Okawaru gifted it to you on level 2 of the Snake Pit)
 38941 | Lair:1   | Identified the cursed +0 scale mail of Divine Compulsion {+Inv Int+4} (You found it on level 1 of the Snake Pit)
 39033 | Swamp:1  | Entered Level 1 of the Swamp
 39125 | Swamp:1  | Received a gift from Okawaru
 39236 | Swamp:1  | Noticed Nikola
 39255 | Swamp:1  | Killed Nikola
 39559 | Swamp:1  | Received a gift from Okawaru
 39661 | Swamp:1  | Noticed Josephine
 39666 | Swamp:1  | Killed Josephine
 40192 | Swamp:2  | Received a gift from Okawaru
 40854 | Swamp:2  | You fall through a shaft!
 40872 | Swamp:3  | Reached skill level 27 in Bows
 40949 | Swamp:3  | Reached skill level 1 in Dodging
 40972 | Swamp:3  | Reached skill level 1 in Translocations
 41165 | Swamp:3  | Reached skill level 1 in Spellcasting
 41187 | Swamp:3  | Noticed DEFE's ghost (adept DEAM)
 41274 | Swamp:3  | Killed DEFE's ghost
 41525 | Swamp:3  | Received a gift from Okawaru
 41970 | Swamp:4  | Entered Level 4 of the Swamp
 42087 | Swamp:4  | Reached skill level 5 in Armour
 42103 | Swamp:4  | Received a gift from Okawaru
 42121 | Swamp:4  | Received a gift from Okawaru
 42519 | Swamp:4  | Reached XP level 18. HP: 149/154 MP: 26/26
 42522 | Swamp:4  | Received a gift from Okawaru
 42532 | Swamp:4  | Noticed the 27-headed Lernaean hydra
 42797 | Swamp:4  | Killed the 27-headed Lernaean hydra
 42913 | Swamp:4  | Got a decaying rune of Zot
 43575 | Lair:1   | Reached skill level 5 in Translocations
 43575 | Lair:1   | Reached XP level 19. HP: 160/160 MP: 27/27
 43641 | Vaults:1 | Entered Level 1 of the Vaults
 43673 | Vaults:1 | Reached skill level 5 in Dodging
 43687 | Vaults:1 | Received a gift from Okawaru
 44203 | Vaults:1 | Received a gift from Okawaru
 44658 | Vaults:1 | Received a gift from Okawaru
 45261 | Vaults:1 | Received a gift from Okawaru
 45785 | Vaults:2 | Received a gift from Okawaru
 45834 | Vaults:2 | Got a translucent chain mail
 45838 | Vaults:2 | Identified the cursed +1 chain mail of the Meadowlark {*Drain +Inv rPois SInv} (You found it on level 2 of the Vaults)
 45882 | Vaults:2 | Received a gift from Okawaru
 46127 | Vaults:2 | Noticed Mara
 46144 | Vaults:2 | Killed Mara
 46144 | Vaults:2 | Received a gift from Okawaru
 46351 | Vaults:2 | Found a staircase to the Crypt.
 46405 | Vaults:2 | Received a gift from Okawaru
 46487 | Vaults:2 | Noticed Frederick
 46505 | Vaults:2 | Killed Frederick
 46505 | Vaults:2 | Received a gift from Okawaru
 46752 | Vaults:2 | Reached XP level 20. HP: 172/172 MP: 28/28
 47043 | Vaults:2 | Received a gift from Okawaru
 47358 | Vaults:3 | Found the +9 heavy crossbow "Sniper" {velocity, Acc+∞ SInv}
 47483 | Vaults:3 | Received a gift from Okawaru
 47508 | Vaults:3 | Found a flickering gateway to a bazaar.
 47525 | Bazaar   | Entered a bazaar
 47569 | Bazaar   | Found Vibaleh's Distillery.
 47587 | Bazaar   | Found Sieneine's Gadget Emporium.
 47604 | Bazaar   | Found Tomek's Book Boutique.
 47621 | Bazaar   | Found Taget's Magic Scroll Shoppe.
 47645 | Bazaar   | Bought a scroll of teleportation for 39 gold pieces
 47645 | Bazaar   | Bought a scroll of enchant armour for 97 gold pieces
 47645 | Bazaar   | Bought a scroll of identify for 26 gold pieces
 47645 | Bazaar   | Bought a scroll of identify for 26 gold pieces
 47645 | Bazaar   | Bought 3 scrolls of teleportation for 117 gold pieces
 47645 | Bazaar   | Bought a scroll of enchant armour for 97 gold pieces
 47645 | Bazaar   | Bought a scroll of teleportation for 39 gold pieces
 47645 | Bazaar   | Bought a scroll of amnesia for 45 gold pieces
 47677 | Bazaar   | Bought a phantom mirror for 300 gold pieces
 47787 | Vaults:3 | Reached skill level 5 in Spellcasting
 48075 | Vaults:3 | Received a gift from Okawaru
 48118 | Vaults:3 | Received a gift from Okawaru
 48118 | Vaults:3 | Reached skill level 10 in Armour
 49519 | Vaults:3 | Received a gift from Okawaru
 50214 | Vaults:4 | Received a gift from Okawaru
 50774 | Vaults:4 | Received a gift from Okawaru
 51171 | Vaults:4 | Got a faintly glowing hat {god gift}
 51172 | Vaults:4 | Identified the +0 hat of Temperance {rPois} (Okawaru gifted it to you on level 4 of the Vaults)
 51414 | Vaults:4 | Reached XP level 21. HP: 125/183 MP: 29/29
 51420 | Vaults:4 | Reached skill level 10 in Dodging
 52137 | Vaults:4 | Reached skill level 15 in Fighting
 53781 | Depths:1 | Received a gift from Okawaru
 54221 | Depths:1 | Found a gateway to Hell.
 54914 | Depths:1 | Noticed Asterion
 54923 | Depths:1 | Killed Asterion
 55687 | Depths:2 | Found Zebat's Jewellery Boutique.
 55694 | Depths:2 | Bought a cursed amulet of inaccuracy for 40 gold pieces
 55697 | Depths:2 | Bought a cursed ring of loudness for 90 gold pieces
 55698 | Depths:2 | Bought an uncursed ring of protection from cold for 500 gold pieces
 55699 | Depths:2 | Found Mumpum's Gadget Shop.
 55999 | Depths:3 | Found a huge runed gate.
 55999 | Depths:3 | Found a huge runed gate.
 55999 | Depths:3 | Found a huge runed gate.
 55999 | Depths:3 | Found a huge runed gate.
 55999 | Depths:3 | Found a huge runed gate.
 56005 | Depths:3 | Found a huge runed gate.
 56006 | Depths:3 | Found a huge runed gate.
 56009 | Depths:3 | Found a huge runed gate.
 56016 | Depths:3 | Found a huge runed gate.
 56020 | Depths:3 | Found a huge runed gate.
 56024 | Depths:3 | Found a huge runed gate.
 56027 | Depths:3 | Found a huge runed gate.
 56027 | Depths:3 | Found a huge runed gate.
 56028 | Depths:3 | Found a huge runed gate.
 56039 | Depths:3 | Found a huge runed gate.
 56039 | Depths:3 | Found a huge runed gate.
 56039 | Depths:3 | Found a huge runed gate.
 56039 | Depths:3 | Found a huge runed gate.
 56041 | Depths:3 | Found a huge runed gate.
 56041 | Depths:3 | Found a huge runed gate.
 56048 | Depths:3 | Found a huge runed gate.
 56048 | Depths:3 | Found a huge runed gate.
 56048 | Depths:3 | Found a huge runed gate.
 56048 | Depths:3 | Found a huge runed gate.
 56161 | Depths:3 | Found a huge runed gate.
 56162 | Depths:3 | Found a huge runed gate.
 56903 | Depths:3 | Got a faintly glowing tin ring
 56906 | Depths:3 | Identified the ring of Deshoeh {+Blink MR+ Dex+3 Stlth+} (You acquired it on level 3 of the Depths)
 57116 | Depths:3 | Found a gateway to a ziggurat.
 57424 | Depths:3 | Found a one-way gate leading to the halls of Pandemonium.
 57700 | Depths:4 | Noticed a golden dragon
 57707 | Depths:4 | Killed a golden dragon
 57707 | Depths:4 | Received a gift from Okawaru
 57710 | Depths:4 | Got a steaming longbow {god gift}
 57711 | Depths:4 | Identified the +7 longbow "Ditweug" {velocity, rElec} (Okawaru gifted it to you on level 4 of the Depths)
 57729 | Depths:4 | Reached XP level 22. HP: 195/195 MP: 32/32
 58561 | Depths:4 | Received a gift from Okawaru
 58632 | Depths:4 | Noticed Jory
 58640 | Depths:4 | Killed Jory
 58690 | Depths:4 | Found a one-way gate to the infinite horrors of the Abyss.
 58734 | Depths:4 | Noticed Jorgrun
 58743 | Depths:4 | Killed Jorgrun
 59325 | Depths:5 | Entered Level 5 of the Depths
 59830 | Depths:5 | Received a gift from Okawaru
 59996 | Depths:5 | Found a glowing golden altar of the Shining One.
 60064 | Depths:5 | Reached skill level 10 in Translocations
 60260 | Depths:5 | Got a transparent pewter ring
 60278 | Depths:5 | Identified the ring of Plog {rN+ SInv} (You took it off a deep elf sorcerer on level 5 of the Depths)
 60446 | Depths:5 | Noticed a juggernaut
 60462 | Depths:5 | Killed a juggernaut
 60653 | Depths:5 | Received a gift from Okawaru
 61324 | Depths:5 | Got an ancient wooden ring
 61346 | Depths:5 | Identified the ring of Moodiness {rPois rF+ rN+ Str+4 Int+4} (You found it on level 5 of the Depths)
 61362 | Depths:5 | Found a shattered altar of Ashenzari.
 61379 | Depths:5 | Cast into level 2 of the Abyss (a deep elf demonologist)
 61386 | Abyss:2  | Found a corrupted altar of Lugonu.
 61537 | Abyss:2  | Reached XP level 23. HP: 206/206 MP: 34/34
 61851 | Abyss:2  | Received a gift from Okawaru
 61865 | Depths:5 | Escaped the Abyss
 62195 | Depths:5 | Reached skill level 15 in Armour
 62338 | Depths:5 | Got a flickering golden ring
 62341 | Depths:5 | Identified the ring "Besob" {Fire rN++ Stlth+} (You found it on level 5 of the Depths)
 62763 | Depths:5 | Found a gate to the Realm of Zot.
 63353 | Elf:1    | Entered Level 1 of the Elven Halls
 63417 | Elf:1    | Found Lech's Antique Armour Emporium.
 63934 | Elf:1    | Found Devoesh's Weapon Boutique.
 63938 | Elf:1    | Found Daqiatiz's Armour Boutique.
 64328 | Elf:1    | Received a gift from Okawaru
 64344 | Elf:1    | Identified the Collected Works on Stolen Souls
 64472 | Elf:2    | Found a ruined gateway.
 64518 | Desolati | Entered the Desolation of Salt
 64593 | Desolati | Identified Luxuhyne's Incunabulum of the Rocks and Lightness
 64606 | Desolati | Got a transparent platinum ring
 64607 | Desolati | Identified the ring "Gunogi" {*Slow rPois rN+ Dex-4 Stlth+} (You found it in the Desolation of Salt)
 64769 | Desolati | Found the cursed necklace of Bloodlust {*Rage +Rage MR++ Int-3 Slay+6 *Curse}
 64795 | Desolati | Got a brightly glowing copper ring
 64798 | Desolati | Identified the ring of Rerughud {rPois rC+ MR+ Str-2 Int+8} (You found it in the Desolation of Salt)
 65168 | Desolati | Identified Amninotu's Papyrus of Confrontation
 65697 | Elf:2    | Found Juzi's Distillery.
 65708 | Elf:2    | Found Zeuph's Antique Weapon Emporium.
 66184 | Elf:2    | Found a runed gate.
 66184 | Elf:2    | Found a runed gate.
 66229 | Elf:2    | Found Teywoeroma's Assorted Antiques.
 66383 | Elf:2    | Found a runed gate.
 66507 | Elf:2    | Found a runed door.
 66516 | Elf:2    | Received a gift from Okawaru
 66686 | Elf:3    | Entered Level 3 of the Elven Halls
 66892 | Elf:3    | Reached XP level 24. HP: 208/218 MP: 35/35
 66947 | Elf:3    | Noticed Bai Suzhen
 66960 | Elf:3    | Killed Bai Suzhen
 66960 | Elf:3    | Reached skill level 10 in Spellcasting
 67797 | Elf:3    | Received a gift from Okawaru
 67851 | Elf:3    | Received a gift from Okawaru
 68029 | Elf:3    | Received a gift from Okawaru
 68088 | Elf:3    | Reached skill level 15 in Dodging
 68139 | Elf:3    | Received a gift from Okawaru
 68386 | Elf:3    | Got a vibrating ruby amulet
 68387 | Elf:3    | Identified the amulet "Nishro" {rF+ MR+ Regen+ Int+2} (You took it off a deep elf high priest on level 3 of the Elven Halls)
 68437 | Elf:3    | Got a pair of faintly humming gloves
 68438 | Elf:3    | Identified the +2 pair of gloves "Cokeukk" {Regen+ SInv} (You found it on level 3 of the Elven Halls)
 68459 | Elf:3    | Got a smoking plate armour
 68460 | Elf:3    | Identified the +8 plate armour of Byef Zoasch {SInv} (You found it on level 3 of the Elven Halls)
 68521 | Elf:3    | Identified Joiqag's Catalogue of the Mountains and Conjuration
 68524 | Elf:3    | Identified Bonkugh's Grimoire of Transmigration and the Oath
 68529 | Elf:3    | Learned a level 2 spell: Passwall
 68535 | Elf:3    | Learned a level 5 spell: Silence
 69121 | Vaults:5 | Entered Level 5 of the Vaults
 69489 | Vaults:5 | Noticed Mennas
 69502 | Vaults:5 | Killed Mennas
 69502 | Vaults:5 | Received a gift from Okawaru
 69600 | Vaults:5 | Received a gift from Okawaru
 69643 | Vaults:5 | Received a gift from Okawaru
 69969 | Vaults:5 | Found Julirphos's Antique Armour Shop.
 70132 | Vaults:5 | Received a gift from Okawaru
 70472 | Vaults:5 | Got a pair of pitted gloves
 70857 | Vaults:5 | Found Oskuokh's Distillery.
 70867 | Vaults:5 | Bought a potion of haste for 210 gold pieces
 70867 | Vaults:5 | Bought a potion of mutation for 168 gold pieces
 70867 | Vaults:5 | Bought a potion of haste for 210 gold pieces
 70885 | Vaults:5 | Found Gohurys's Distillery.
 70897 | Vaults:5 | Received a gift from Okawaru
 70901 | Vaults:5 | Reached XP level 25. HP: 221/228 MP: 36/36
 70954 | Vaults:5 | Bought a potion of heal wounds for 95 gold pieces
 70954 | Vaults:5 | Bought a potion of heal wounds for 95 gold pieces
 71250 | Vaults:5 | Found Qiysyu's Magic Scroll Shoppe.
 71257 | Vaults:5 | Bought a scroll of identify for 26 gold pieces
 71257 | Vaults:5 | Bought a scroll of identify for 26 gold pieces
 71257 | Vaults:5 | Bought a scroll of identify for 26 gold pieces
 71257 | Vaults:5 | Identified the +3 pair of gloves of True Grit {Str-4 Int+2 Dex+4} (You acquired it on level 5 of the Vaults)
 71259 | Vaults:5 | Bought a scroll of blinking for 97 gold pieces
 71259 | Vaults:5 | Bought a scroll of blinking for 97 gold pieces
 71259 | Vaults:5 | Bought a scroll of teleportation for 39 gold pieces
 71259 | Vaults:5 | Bought a scroll of teleportation for 39 gold pieces
 71449 | Vaults:5 | Found Zuig's Jewellery Shop.
 71478 | Vaults:5 | Got a silver rune of Zot
 71535 | Vaults:5 | Found Xammist's Jewellery Emporium.
 71648 | Vaults:5 | Found Ubodon's Antique Weapon Boutique.
 71658 | Vaults:5 | Found Rise's Distillery.
 71666 | Vaults:5 | Bought 2 potions of resistance for 380 gold pieces
 71666 | Vaults:5 | Bought a potion of agility for 76 gold pieces
 71666 | Vaults:5 | Bought a potion of resistance for 190 gold pieces
 71666 | Vaults:5 | Bought a potion of might for 76 gold pieces
 71666 | Vaults:5 | Bought a potion of heal wounds for 95 gold pieces
 71666 | Vaults:5 | Bought a potion of might for 76 gold pieces
 72374 | Zot:1    | Entered Level 1 of the Realm of Zot
 73692 | D:6      | Bought a book of Cantrips for 280 gold pieces
 73694 | D:6      | Learned a level 1 spell: Apportation
 73893 | Lair:1   | Learned a level 4 spell: Passage of Golubria
 73896 | Lair:1   | Learned a level 2 spell: Swiftness
 74018 | Slime:1  | Entered Level 1 of the Pits of Slime
 74383 | Slime:2  | Received a gift from Okawaru
 74434 | Slime:3  | Gained mutation: You are weak. (Str -2) [a shining eye]
 75038 | Slime:5  | Entered Level 5 of the Pits of Slime
 75067 | Slime:5  | Received a gift from Okawaru
 75071 | Slime:5  | Gained mutation: Potions are less effective at restoring your health. [a shining eye]
 75135 | Slime:5  | Got a brightly glowing hat {god gift}
 75136 | Slime:5  | Identified the +0 hat "Naoveynu" {rN+} (Okawaru gifted it to you on level 5 of the Pits of Slime)
 75309 | Slime:5  | Noticed the Royal Jelly
 75444 | Slime:5  | Killed the Royal Jelly
 75444 | Slime:5  | Reached XP level 26. HP: 242/242 MP: 24/37
 75632 | Slime:5  | Gained mutation: You are clumsy. (Dex -2) [a shining eye]
 75718 | Slime:5  | Found the +9 staff of Wucad Mu {channel}
 75723 | Slime:5  | Found the +4 Vampire's Tooth {vamp}
 75749 | Slime:5  | Got a slimy rune of Zot
 75782 | Slime:5  | Identified the Tome of Stones and Poison
 75823 | Slime:5  | Got a vibrating bronze ring
 76145 | Lair:1   | Identified the ring "Plog" {Ice *Corrode rN++ Stlth+} (You found it on level 5 of the Pits of Slime)
 76341 | D:6      | Fell from the grace of Okawaru
 76341 | D:6      | Became a worshipper of the Shining One
 76621 | Crypt:1  | Entered Level 1 of the Crypt
 76652 | Crypt:1  | Reached * piety under the Shining One
 76745 | Crypt:1  | Reached ** piety under the Shining One
 76977 | Crypt:1  | Reached *** piety under the Shining One
 77118 | Crypt:1  | Reached **** piety under the Shining One
 77638 | Crypt:2  | Noticed Donald
 77641 | Crypt:2  | Reached ***** piety under the Shining One
 77661 | Crypt:1  | Killed Donald
 77897 | Crypt:2  | Noticed Margery
 77999 | Crypt:2  | Killed Margery
 78136 | Crypt:2  | Reached ****** piety under the Shining One
 78328 | Crypt:3  | Entered Level 3 of the Crypt
 78442 | Crypt:3  | Noticed Sojobo
 78831 | Crypt:3  | Killed Sojobo
 79190 | Crypt:3  | Noticed an ancient lich
 79195 | Crypt:3  | Killed an ancient lich
 79242 | Crypt:3  | Got a sparkling lead ring
 79268 | Crypt:3  | Got a coiled granite ring
 79276 | Crypt:3  | Identified the ring of Doreb {+Blink rElec rN+} (You took it off an ancient champion on level 3 of the Crypt)
 79277 | Crypt:3  | Identified the ring "Nanwittai" {+Fly rN+ MP+9 Dex+3} (You found it on level 3 of the Crypt)
 80510 | Crypt:3  | Found a staircase to the Tomb.
 80883 | Vaults:5 | Reached XP level 27. HP: 224/251 MP: 38/38
 80891 | Vaults:5 | Bought a scroll of enchant weapon for 97 gold pieces
 81127 | Lair:1   | Upgraded the game from 0.22-a0-136-g83a10e5 to 0.22-a0-142-g91cc6d7
 81127 | Lair:1   | Identified a +9 longbow of holy wrath (a +9 longbow of flaming blessed by the Shining One)
 81127 | Lair:1   | Received a gift from the Shining One
 81319 | Temple   | Fell from the grace of the Shining One
 81319 | Temple   | Became a worshipper of Zin the Law-Giver
 81319 | Temple   | Reached * piety under Zin
 81319 | Temple   | Reached ** piety under Zin
 81319 | Temple   | Reached *** piety under Zin
 81319 | Temple   | Reached **** piety under Zin
 81319 | Temple   | Reached ***** piety under Zin
 81827 | Zot:1    | HP: 3/253 [storm dragon/bolt of lightning (29)]
 81827 | Zot:1    | Killed from afar by a frost giant

Vault maps used:
D:1:      lightli_arrival_statuegarden
D:2:      xom_butterflies, minmay_misc_feat_nine_boxes, guppyfry_early_orc_mine,
          uniq_terence, uniq_jessica
D:3:      kennysheep_slugbush, nicolae_overflow_hidden_temple
D:4:      cheibrodos_pilgrimage, old_standard_altar, kennysheep_little_box,
          minmay_fountain_box, uniq_eustachio
D:5:      lemuel_coloured_pillars_altar, first_ration
D:6:      nicolae_tso_besieged_by_evil, basic_altar, serial_shops, shop_statue,
          shop_scrolls, nicolae_shop_statue_plus, kennysheep_mini_moat,
          moated_statue
D:7:      kennysheep_housing_project, dancing_weapons_uskayaw
D:8:      lemuel_crystal_altar, the_bakery
D:10:     serial_shops, shop
D:11:     david_lair_shrubbed, minmay_checkerbox
D:12:     david_orc_1_choice, portal_ice_cave_rime
D:13:     minmay_curly_fans, grunt_vaults_entry_fortified
D:14:     minmay_crystal_room
D:15:     grunt_enter_depths_hoard, basic_altar
Temple:   eino_temple_lava
Lair:1:   minmay_lair_oklob_chamber
Lair:2:   guppyfry_snake_entry_garden, kennysheep_snail_temple,
          grunt_megastairs_2
Lair:3:   nicolae_swamp_entry_splash_gauntlet, forest_entry_grove
Lair:4:   serial_bayou_ford_a, guppyfry_lair_drakes
Lair:5:   slime_altar_2, special_room, bobbens_dragon_lair_wall,
          lemuel_fruit_fields
Swamp:1:  evilmike_swamp_ruin_rubble_2, uniq_nikola, uniq_josephine
Swamp:2:  hangedman_swamp_ruin_wall, swamp_pool3
Swamp:3:  nicolae_swamp_fairy_circle
Swamp:4:  swamp_old_school, swamp_pool1, serial_swamp_ruin,
          evilmike_swamp_ruin_house_5, evilmike_swamp_ruin_house_4,
          evilmike_swamp_ruin_rubble_1
Snake:1:  nrook_guardian_serpent_double, serial_bayou_shore_b,
          grunt_megastairs_3
Snake:3:  nicolae_snake_single_loop
Snake:4:  snake_pit, nicolae_snake_squiggles, uniq_aizul, uniq_asterion,
          uniq_vashnia
Slime:3:  cheibrodos_slime_lost_civilization_8,
          nicolae_slime_welcoming_committee
Orc:1:    bloody_trog
Orc:2:    st_orc_open
Elf:1:    minmay_elf_arrival_plus, serial_shops, shop, minmay_elf_necromancy,
          hangedman_research_probablistics, minmay_shop_star
Elf:2:    portal_desolation_entry_nicolae_nacl, serial_shops, shop,
          nicolae_shop_stone, shop, minivault_13, basic_stair_grate_trap
Elf:3:    minmay_elf_hall_not_hex, st_stairs_2, uniq_bai_suzhen
Vaults:1: vaults_room_guarded_vault, nicolae_vaults_big_angled_halls,
          ontoclasm_vaults_tryst, v_misc_18,
          vaults_room_grunt_arrival_checkpoint,
          nicolae_vaults_network_periphery, ontoclasm_vaults_pinch,
          hangedman_vaults_slice, nicolae_vaults_circle_grid_b,
          vaults_dpeg_diagonal
Vaults:2: nicolae_vaults_little_squares_3, vaults_room_glass_cross,
          nicolae_vaults_network_quinsquares, vaults_room_door_ring,
          minmay_crypt_entry_simple_corners, uniq_mara, uniq_frederick
Vaults:3: nicolae_vaults_display_case, ontoclasm_vaults_ring_square,
          hangedman_vaults_capsules, serial_ice_b, vaults_dpeg_spiral,
          vaults_dpeg_encased_lava, ontoclasm_vaults_fault,
          ontoclasm_vaults_shuriken, v_misc_28, nicolae_vaults_yaktaur_gun_rack,
          ontoclasm_vaults_misaligned, nicolae_vaults_border_crossing,
          ontoclasm_vaults_gateway, nicolae_vaults_asterisk,
          nicolae_vaults_asterisk, serial_shops, bzr_entry_gold
Vaults:4: hangedman_vaults_maws, nicolae_vaults_meeting, vaults_mumra_lcd,
          grunt_vaults_swirl, hangedman_vaults_unwind,
          nicolae_vaults_specimen_jars, vaults_standard_mumra_enter_the_diamond,
          hangedman_vaults_locks, nicolae_vaults_little_squares_2,
          nicolae_vaults_asterisk, grunt_vaults_hallway_short, v_misc_25,
          vaults_room_pool, nicolae_vaults_gold_heap
Vaults:5: serial_shops, uniq_mennas
Crypt:1:  grunt_crypt_arrival_guarded_gate
Crypt:2:  minivault_11, item_on_display_b, uniq_donald, uniq_margery
Crypt:3:  due_elkab, tomb_entry_simple_bobbens, corexii_leaking_fountain,
          uniq_sojobo
Depths:1: serial_bayou_shore_a, hell_entry, serial_bayou_lagoon_a,
          hangedman_decor_riveting, minmay_door_square, sword_in_stone
Depths:2: grated_community_mu, hell_entry, kennysheep_boxes,
          minmay_misc_feat_tiny, minmay_staircase_windowed_small,
          minmay_shoptagon
Depths:3: lemuel_troll_bridge, enter_ziggurat_e, roderic_serpentine_path,
          lightli_too_deep, pan_entry, door_vault
Depths:4: minmay_tri_stars, hex_tiny, hell_entry, abyss_entry,
          serial_bayou_shore_b, uniq_jorgrun, uniq_jory
Depths:5: hangedman_spin_cycle, hell_entry, serial_shops, pan_entry
Zot:1:    nzn_random_ring
Bazaar:   bazaar_jpeg_circle_common
IceCv:    ice_cave_caverns_01

Skill      XL: |  1  2  3  4  5  6  7  8  9 10 11 12 13 14 15 16 17 18 19 20 21 22 23 24 25 26 27 |
---------------+----------------------------------------------------------------------------------+-----
Fighting       | 4 5 6 7 8 9 11 12 13 14 16 17 18 19 20 21 | 21.6
Bows           | 2 5 8 11 13 16 19 21 24 26 27 | 27.0
Invocations    | 2 5 7 10 12 | 12.0
Shields        | 4 |  4.2
Armour         | 5 6 9 11 13 14 16 17 18 19 | 19.9
Dodging        | 3 4 7 9 11 13 14 15 17 18 | 18.3
Translocations | 2 5 6 8 9 10 11 12 13 14 | 14.0
Spellcasting   | 2 4 6 7 8 9 10 11 12 | 12.6
Long Blades    | |  2.4

Action                   |  1- 3 |  4- 6 |  7- 9 | 10-12 | 13-15 | 16-18 | 19-21 | 22-24 | 25-27 || total
-------------------------+-------+-------+-------+-------+-------+-------+-------+-------+-------++-------
Melee: Long sword        |    43 |   173 |   231 |       |       |       |       |       |       ||   447
       Headbutt          |    11 |    34 |    97 |    67 |     5 |       |       |       |       ||   214
       Dagger            |       |       |   212 |   102 |       |       |       |       |       ||   314
       Whip              |       |       |   111 |   335 |     6 |       |       |       |       ||   452
       Lajatang          |       |       |       |       |     4 |     4 |     5 |       |       ||    13
       Longbow           |       |       |       |       |       |       |     2 |       |       ||     2
 Fire: Shortbow          |       |       |       |   362 |       |       |       |       |       ||   362
       Longbow           |       |       |       |   191 |  1323 |   941 |  1589 |  1670 |  1648 ||  7362
       Heavy crossbow    |       |       |       |       |       |       |     2 |     7 |     7 ||    16
 Cast: Portal Projectile |       |       |       |       |       |       |       |     1 |     5 ||     6
       Apportation       |       |       |       |       |       |       |       |       |   101 ||   101
Invok: Heroism           |       |       |     3 |     8 |     3 |     4 |     7 |     8 |     1 ||    34
       Finesse           |       |       |       |       |       |     2 |     4 |     6 |     1 ||    13
       Divine Shield     |       |       |       |       |       |       |       |       |     3 ||     3
       Cleansing Flame   |       |       |       |       |       |       |       |       |     2 ||     2
       Summon Divine War |       |       |       |       |       |       |       |       |     2 ||     2
       Recite            |       |       |       |       |       |       |       |       |     1 ||     1
       Sanctuary         |       |       |       |       |       |       |       |       |     1 ||     1
       Brand Weapon With |       |       |       |       |       |       |       |       |     1 ||     1
 Abil: Stop Flying       |       |       |       |       |     1 |     1 |       |       |       ||     2
  Use: Potion            |     1 |       |       |     3 |       |     2 |       |     3 |    10 ||    19
       Scroll            |       |       |    10 |    10 |    22 |    15 |    13 |    17 |    26 ||   113
  Eat: Chunk             |       |     6 |    21 |    29 |    32 |    13 |    26 |    29 |     8 ||   164
       Ration            |       |       |       |     1 |     5 |     4 |     4 |     3 |     7 ||    24
Armor: Scale mail        |    13 |    80 |    31 |       |       |       |       |       |       ||   124
       Plate armour      |       |       |   326 |   428 |   412 |   186 |   276 |   292 |    34 ||  1954
       Gold dragon scale |       |       |       |       |       |       |       |       |   501 ||   501
       Skin              |       |       |       |       |       |       |       |       |     4 ||     4
Dodge: Dodged            |    12 |    55 |   115 |   196 |   143 |    57 |   173 |   320 |   370 ||  1441
Block: Shield            |    28 |   108 |    17 |       |       |       |       |       |       ||   153
       Buckler           |       |       |   160 |   109 |       |       |       |       |       ||   269
       Other             |       |       |       |       |       |    40 |    97 |    76 |    48 ||   261
       Reflection        |       |       |       |       |       |       |    19 |    17 |       ||    36
       Rpst.: Long sword |     4 |    20 |    16 |       |       |       |       |       |       ||    40

Table legend:
 A = Spawn XP
 B = Non-spawn XP
 C = Spawn XP percentage of total XP
 D = Spawn monster count
 E = Non-spawn monster count
 F = Spawn count percentage of total count
 G = Total turns spent on level
                    A         B        C        D         E        F      G
               +---------+---------+-------+---------+---------+-------+---------
         Total |    9848 | 1409861 |   0.7 |      11 |    2437 |   0.4 | 81827
               +---------+---------+-------+---------+---------+-------+---------
           D:1 |       0 |      28 |   0.0 |       0 |      16 |   0.0 |   607
           D:2 |       0 |     178 |   0.0 |       0 |      26 |   0.0 |   971
           D:3 |       0 |     188 |   0.0 |       0 |      29 |   0.0 |   917
           D:4 |       0 |     699 |   0.0 |       0 |      26 |   0.0 |  1227
           D:5 |       0 |     831 |   0.0 |       0 |      18 |   0.0 |  1404
           D:6 |       0 |    1322 |   0.0 |       0 |      38 |   0.0 |  1634
           D:7 |       0 |    2409 |   0.0 |       0 |      70 |   0.0 |  1770
           D:8 |       0 |    1338 |   0.0 |       0 |      11 |   0.0 |  1182
           D:9 |       0 |    3252 |   0.0 |       0 |      38 |   0.0 |  1757
          D:10 |       0 |    3666 |   0.0 |       0 |      28 |   0.0 |  1782
          D:11 |       0 |    6416 |   0.0 |       0 |      43 |   0.0 |  2649
          D:12 |       0 |    8290 |   0.0 |       0 |      63 |   0.0 |  3168
          D:13 |       0 |   15074 |   0.0 |       0 |      45 |   0.0 |  2577
          D:14 |       0 |    7783 |   0.0 |       0 |      24 |   0.0 |  1911
          D:15 |       0 |   16944 |   0.0 |       0 |      39 |   0.0 |  2092
        Lair:1 |       0 |    3833 |   0.0 |       0 |      21 |   0.0 |  1979
        Lair:2 |       0 |   10756 |   0.0 |       0 |      29 |   0.0 |  1914
        Lair:3 |       0 |    4638 |   0.0 |       0 |      25 |   0.0 |  1502
        Lair:4 |       0 |    4585 |   0.0 |       0 |      22 |   0.0 |  1125
        Lair:5 |       0 |   21952 |   0.0 |       0 |      68 |   0.0 |  2105
       Swamp:1 |       0 |   22854 |   0.0 |       0 |      48 |   0.0 |  1082
       Swamp:2 |       0 |   10598 |   0.0 |       0 |      26 |   0.0 |   900
       Swamp:3 |       0 |   20636 |   0.0 |       0 |      47 |   0.0 |  1056
       Swamp:4 |       0 |   34211 |   0.0 |       0 |      65 |   0.0 |  1395
       Snake:1 |       0 |   19664 |   0.0 |       0 |      34 |   0.0 |  1408
       Snake:2 |       0 |   11922 |   0.0 |       0 |      23 |   0.0 |   944
       Snake:3 |       0 |    9234 |   0.0 |       0 |      19 |   0.0 |   559
       Snake:4 |       0 |   54425 |   0.0 |       0 |      70 |   0.0 |  2856
       Slime:1 |       0 |   12742 |   0.0 |       0 |      34 |   0.0 |   345
       Slime:2 |       0 |   18568 |   0.0 |       0 |      41 |   0.0 |   403
       Slime:3 |       0 |   16264 |   0.0 |       0 |      23 |   0.0 |   195
       Slime:4 |       0 |   14562 |   0.0 |       0 |      21 |   0.0 |   289
       Slime:5 |       0 |   40965 |   0.0 |       0 |      36 |   0.0 |   701
         Orc:1 |       0 |    3562 |   0.0 |       0 |      38 |   0.0 |  1086
         Orc:2 |       0 |   15415 |   0.0 |       0 |      52 |   0.0 |  1612
         Elf:1 |       0 |   23611 |   0.0 |       0 |      39 |   0.0 |  1168
         Elf:2 |       0 |   31970 |   0.0 |       0 |      62 |   0.0 |  1186
         Elf:3 |       0 |   66761 |   0.0 |       0 |      52 |   0.0 |  2214
      Vaults:1 |       0 |   36449 |   0.0 |       0 |      51 |   0.0 |  1661
      Vaults:2 |       0 |   48988 |   0.0 |       0 |      62 |   0.0 |  2384
      Vaults:3 |       0 |   57277 |   0.0 |       0 |      83 |   0.0 |  2631
      Vaults:4 |       0 |  101786 |   0.0 |       0 |     138 |   0.0 |  3036
      Vaults:5 |       0 |  124983 |   0.0 |       0 |      78 |   0.0 |  2597
       Crypt:1 |       0 |   34533 |   0.0 |       0 |      64 |   0.0 |  1097
       Crypt:2 |       0 |   33157 |   0.0 |       0 |      40 |   0.0 |   683
       Crypt:3 |       0 |   96285 |   0.0 |       0 |     111 |   0.0 |  2384
      Depths:1 |       0 |   30048 |   0.0 |       0 |      37 |   0.0 |  1597
      Depths:2 |       0 |   10289 |   0.0 |       0 |      19 |   0.0 |   881
      Depths:3 |       0 |   47959 |   0.0 |       0 |      66 |   0.0 |  2261
      Depths:4 |       0 |   64589 |   0.0 |       0 |      74 |   0.0 |  1583
      Depths:5 |       0 |  110639 |   0.0 |       0 |      92 |   0.0 |  3002
         Zot:1 |       0 |   19313 |   0.0 |       0 |      15 |   0.0 |   328
       Abyss:2 |    9848 |   11827 |  45.4 |      11 |      19 |  36.7 |   486
         IceCv |       0 |     449 |   0.0 |       0 |       3 |   0.0 |   270
    Desolation |       0 |   39144 |   0.0 |       0 |      76 |   0.0 |  1078
               +---------+---------+-------+---------+---------+-------+---------
